 Dungeon Crawl Stone Soup version 0.20-a0-345-gbfb25ec (webtiles) character file.

134395 snakesoul the Fencer (level 16, -1/155 HPs)
             Began as a Minotaur Fighter on Dec 22, 2016.
             Was the Champion of Cheibriados.
             Slain by a four-headed hydra (4 damage)
             ... on level 4 of the Swamp.
             The game lasted 00:54:54 (27973 turns).

snakesoul the Fencer (Minotaur Fighter)            Turns: 27973, Time: 00:54:55

Health: -1/155     AC: 24    Str: 42    XL:     16   Next: 62%
Magic:  15/15      EV: 26    Int: 20    God:    Cheibriados [******]
Gold:   2833       SH: 16    Dex: 32    Spells: 13/15 levels left

rFire  x . .     SeeInvis .     L - +0 scimitar (flame)
rCold  + + +     Gourm    +     J - +1 ice dragon scales
rNeg   . . .     Faith    .     c - +0 shield
rPois  .         Spirit   .     I - +2 hat {MR+}
rElec  .         Reflect  .     (no cloak)
rCorr  .         Harm     .     V - +2 pair of gloves
MR     ++...                    w - +0 pair of boots
Stlth  +.........               Q - amulet of the gourmand
                                p - +6 ring of strength
                                S - ring of protection from cold

@: lethally poisoned (-1 -> -29), very slow
A: retaliatory headbutt, horns 2
a: Bend Time, Temporal Distortion, Slouch, Step From Time, Renounce Religion


You were on level 4 of the Swamp.
You worshipped Cheibriados.
Cheibriados was exalted by your worship.
You were very full.

You visited 4 branches of the dungeon, and saw 27 of its levels.
You also visited: Ice Cave and Volcano.

You collected 2833 gold pieces.

Inventory:

Hand Weapons
 D - a +4 great sword
 L - a +0 scimitar of flaming (weapon)
 Z - a +6 double sword
Armour
 c - a +0 shield (worn)
 w - a +0 pair of boots (worn)
 E - the +3 scale mail of the Ban {rF++ rC- Regen+}
   (You found it on level 3 of the Swamp)

   It greatly protects you from fire.
   It makes you vulnerable to cold.
   It increases your rate of regeneration.
 I - a +2 hat of magic resistance (worn)
 J - +1 ice dragon scales (worn)
 V - a +2 pair of gloves (worn)
Jewellery
 p - a +6 ring of strength (right hand)
 r - an uncursed ring of ice
 Q - an amulet of the gourmand (around neck)
 S - a ring of protection from cold (left hand)
Wands
 U - a wand of disintegration (23/24)
Scrolls
 b - 3 scrolls of magic mapping
 e - 7 scrolls of remove curse
 i - a scroll of recharging
 j - 6 scrolls of enchant armour
 l - 4 scrolls of fear
 m - a scroll of identify
 o - a scroll of amnesia
 s - 5 scrolls of enchant weapon
 v - 2 scrolls of blinking
 G - 4 scrolls of teleportation
Potions
 a - 2 potions of cancellation {unknown}
 d - 2 potions of might
 g - 9 potions of curing
 t - 4 potions of brilliance
 A - 4 potions of flight
 B - 4 potions of agility
 F - 7 potions of heal wounds
 M - 2 potions of ambrosia {unknown}
 T - 2 potions of invisibility
 W - 3 potions of resistance
Books
 x - a book of Transfigurations

   Spells                             Type                      Level
   a - Irradiate                      Conjuration/Transmutation    5
   b - Statue Form                    Transmutation/Earth          6
   c - Hydra Form                     Transmutation                6
   d - Dragon Form                    Transmutation                7
 C - a book of Air

   Spells                             Type                      Level
   a - Shock                          Conjuration/Air              1
   b - Swiftness                      Charms/Air                   2
   c - Repel Missiles                 Charms/Air                   2
   d - Static Discharge               Conjuration/Air              3
   e - Lightning Bolt                 Conjuration/Air              5
 H - a book of Misfortune

   Spells                             Type                      Level
   a - Confusing Touch                Hexes                        1
   b - Confuse                        Hexes                        3
   c - Gell's Gravitas                Hexes/Translocation          3
   d - Petrify                        Transmutation/Earth          4
   e - Metabolic Englaciation         Hexes/Ice                    5
   f - Yara's Violent Unravelling     Hexes/Transmutation          5
 N - the Handbook of Enchanting Enhancements
   (You found it on level 1 of the Swamp)

   Spells                             Type                      Level
   a - Corona                         Hexes                        1
   b - Shroud of Golubria             Charms/Translocation         2
   c - Regeneration                   Charms/Necromancy            3
   d - Dazzling Spray                 Conjuration/Hexes            3
   e - Confuse                        Hexes                        3
   f - Discord                        Hexes                        8
 R - a Young Poisoner's Handbook

   Spells                             Type                      Level
   a - Sting                          Conjuration/Poison           1
   b - Mephitic Cloud                 Conjuration/Poison/Air       3
   c - Olgreb's Toxic Radiance        Poison                       4
   d - Alistair's Intoxication        Transmutation/Poison         5
   e - Venom Bolt                     Conjuration/Poison           5
 X - a book of Necromancy

   Spells                             Type                      Level
   a - Pain                           Necromancy                   1
   b - Animate Skeleton               Necromancy                   1
   c - Vampiric Draining              Necromancy                   3
   d - Regeneration                   Charms/Necromancy            3
   e - Animate Dead                   Necromancy                   4
   f - Control Undead                 Necromancy                   4
Comestibles
 f - 15 bread rations
 h - 9 meat rations
 n - 3 slices of pizza
 q - 5 beef jerkies
 z - 19 fruits
 O - 3 royal jellies


   Skills:
 + Level 17.1 Fighting
 + Level 18.7 Long Blades
 + Level 17.0 Armour
 + Level 13.8 Dodging
 - Level 9.7 Shields


You had 13 spell levels left.
You knew the following spells:

 Your Spells              Type           Power        Failure   Level  Hunger
a - Repel Missiles        Chrm/Air       #.....       83%         2    ###....


Dungeon Overview and Level Annotations

Branches:
Dungeon (15/15)            Temple (0/1) D:7            Lair (6/6) D:10
  Swamp (4/4) Lair:2       Spider (0/4) Lair:4        Slime (0/5) Lair:5
    Orc (2/2) D:11            Elf (0/3) Orc:2        Vaults (0/5) D:13
 Depths: D:15

Altars:
Cheibriados
Nemelex Xobeh
Okawaru
Qazlal
Ru
Vehumet
The Shining One
Beogh

Shops:
D:8 *(?   D:13 *   Orc:1 }   Orc:2 ((%(

Portals:
Trove: D:13 (give +5 demon trident)


Innate Abilities, Weirdness & Mutations

You reflexively headbutt those who attack you in melee.
You have a pair of horns on your head.


Message History

You block the four-headed hydra's attack.
The four-headed hydra bites you!!
* * * LOW HITPOINT WARNING * * *
The four-headed hydra bites you.
* * * LOW HITPOINT WARNING * * *
The four-headed hydra bites you!
* * * LOW HITPOINT WARNING * * *
The swamp dragon closely misses you. You furiously retaliate!
You headbutt the swamp dragon, but do no damage.
The swamp dragon claws you but does no damage.
The swamp dragon barely misses you. The swamp dragon completely misses you.
You furiously retaliate!
You headbutt the swamp dragon. You block the swamp dragon's attack.
The swamp dragon closely misses you.
You hear a crashing sound.
You block the four-headed hydra's attack. x2
The four-headed hydra closely misses you.
The four-headed hydra bites you.
* * * LOW HITPOINT WARNING * * *
The four-headed hydra bites you.
You die...

≈≈≈≈≈≈.≈♣♣♣.≈...♣
≈≈≈
≈≈≈≈≈≈≈≈♣♣.≈≈..♣♣
≈≈≈≈≈≈≈♣♣.≈≈≈≈.≈♣
≈≈≈≈≈..♣♣.≈≈≈≈≈.♣
≈≈≈≈≈♣♣♣♣≈≈≈≈≈≈≈♣♣
≈≈≈≈≈.. ♣♣..≈≈≈≈.♣♣
...♣♣≈≈≈≈§§.§♣
§..$.≈§§.≈D§§♣♣♣
≈≈..≈...§≈D@≈≈≈♣
≈≈)....§†.DD≈♣.≈≈.≈
.≈.≈≈..†♣D≈≈#♣♣≈#♣≈
♣..♣♣.≈≈.k♣#♣ ## ≈≈
♣♣.k≈♣♣ ≈ ♣≈.♣#
≈..## .≈. ....


You could see 2 four-headed hydras, 3 swamp dragons and 2 swamp drakes.

Vanquished Creatures
  A thorn hunter (Swamp:2)
  Gastronok (D:9)
  Roxanne (Swamp:1)
  A dire elephant (Lair:6)
  Azrael (D:14)
  Snorg (D:14)
  3 ice dragons
  Fannar (D:11)
  18 hydras
  A yaktaur captain (D:13)
  Erica (D:9)
  2 catoblepae
  A death knight (D:14)
  5 alligators
  2 ogre magi (Orc:2)
  6 death yaks
  12 two-headed ogres
  A deep troll shaman (Lair:6)
  Urug (Orc:1)
  A fire crab (shapeshifter) (D:15)
  2 spriggan druids
  A death drake (Swamp:3)
  2 unseen horrors
  2 deep trolls (Orc:2)
  4 swamp dragons
  5 spectral hydras (Swamp:3)
  A shambling mangrove (Swamp:1)
  A necromancer (Swamp:3)
  An orc knight (Orc:1)
  A wolf spider zombie (D:14)
  11 ugly things
  5 cyclopes
  2 manticores
  A salamander (shapeshifter) (D:10)
  12 elephants
  A torpor snail (Lair:5)
  5 black mambas
  2 ice statues (IceCv)
  A centaur skeleton (D:13)
  2 gargoyles (D:14)
  8 spiny frogs
  2 large abominations (Swamp:3)
  3 rime drakes
  5 swamp worm zombies (Swamp:3)
  A yaktaur (shapeshifter) (D:13)
  4 kobold demonologists
  11 komodo dragons
  2 yaktaurs (D:13)
  5 hornets
  10 trolls
  11 bog bodies
  A spectral swamp dragon (Swamp:3)
  3 polar bears
  3 tyrant leeches
  Grinder (D:6)
  A harpy skeleton (D:14)
  40 blink frogs
  An alligator zombie (Swamp:3)
  10 hippogriffs
  Prince Ribbit (D:5)
  7 slime creatures
  A meliai zombie (D:10)
  5 spriggans
  6 shadows
  2 tyrant leech zombies (Swamp:3)
  Eustachio (D:4)
  7 wyverns
  5 basilisks
  5 wraiths
  50 yaks
  A fire bat (Volcano)
  4 fire elementals (D:14)
  14 vampire mosquitoes
  4 hungry ghosts
  16 insubstantial wisps
  14 water moccasins
  15 swamp worms
  An acid dragon (D:12)
  2 soldier ants
  5 spiny frog zombies (Swamp:3)
  9 porcupines
  Duvessa (D:7)
  8 swamp drakes
  4 sky beasts
  17 ice beasts
  2 necrophages
  2 black bears
  22 orc warriors
  2 phantoms
  27 ogres
  7 wolves (Lair:6)
  9 centaurs
  12 crocodiles
  20 big kobolds
  20 bullfrogs
  A gnoll sergeant (D:7)
  Dowan (D:7)
  A wyvern skeleton (D:6)
  4 scorpions
  A troll zombie (Swamp:3)
  2 spriggan zombies (Swamp:3)
  16 killer bees
  24 wights
  2 howler monkeys
  2 electric eels
  5 crimson imps
  6 bullfrog zombies
  A centaur zombie (D:5)
  A quasit (D:9)
  16 jellies
  3 lava snakes (Volcano)
  19 orc wizards
  3 bullfrog skeletons
  20 orc priests
  A gnoll shaman (Orc:1)
  2 hounds
  4 hell rats (Lair:5)
  3 iguanas
  8 worker ants
  A worker ant zombie (D:7)
  14 gnolls
  8 adders
  5 shadow imps
  An ooze (Lair:5)
  An adder skeleton (D:4)
  5 worms
  2 dart slugs (D:1)
  6 leopard geckos
  72 orcs
  5 bats
  8 giant cockroaches
  13 goblins
  8 hobgoblins
  6 jackals
  6 quokkas
  2 ball pythons
  7 frilled lizards
  A giant cockroach zombie (D:6)
  A jackal zombie (D:7)
  47 kobolds
  A leopard gecko zombie (D:7)
  5 rats
  4 briar patches (Swamp:2)
  3 plants (D:8)
  A withered plant (Swamp:3)
952 creatures vanquished.

Vanquished Creatures (others)
  A blink frog (Swamp:3)
  An orc (Orc:1)
  9 fungi
  11 plants
22 creatures vanquished.

Grand Total: 974 creatures vanquished

Notes
Turn   | Place    | Note
-------+----------+-------------------------------------------
     0 | D:1      | snakesoul the Minotaur Fighter began the quest for the Orb.
     0 | D:1      | Reached XP level 1. HP: 19/19 MP: 0/0
   102 | D:1      | Reached XP level 2. HP: 20/27 MP: 1/1
   188 | D:1      | Reached skill level 3 in Long Blades
   351 | D:2      | Reached XP level 3. HP: 30/33 MP: 2/2
  1012 | D:2      | Reached XP level 4. HP: 34/41 MP: 3/3
  1081 | D:2      | Found a faded altar of an unknown god.
  1401 | D:3      | Reached skill level 4 in Long Blades
  1470 | D:3      | Reached XP level 5. HP: 42/47 MP: 4/4
  1714 | D:3      | Found a stormy altar of Qazlal.
  1721 | D:3      | Noticed an ogre
  1731 | D:3      | Killed an ogre
  1731 | D:3      | Reached skill level 5 in Fighting
  2016 | D:3      | Reached skill level 5 in Shields
  2068 | D:3      | Noticed a centaur
  2078 | D:3      | Killed a centaur
  2078 | D:3      | Reached skill level 5 in Long Blades
  2078 | D:3      | Reached skill level 5 in Armour
  2078 | D:3      | Reached XP level 6. HP: 36/56 MP: 5/5
  2429 | D:4      | Found a glowing golden altar of the Shining One.
  2594 | D:4      | Noticed Eustachio
  2618 | D:4      | Killed Eustachio
  2618 | D:4      | Reached XP level 7. HP: 51/61 MP: 6/6
  2974 | D:4      | Found a radiant altar of Vehumet.
  2985 | D:4      | Found a sparkling altar of Nemelex Xobeh.
  2988 | D:4      | Found a snail-covered altar of Cheibriados.
  2996 | D:4      | Became a worshipper of Cheibriados the Contemplative
  3031 | D:5      | Entered Level 5 of the Dungeon
  3039 | D:5      | Noticed Prince Ribbit
  3065 | D:4      | Reached skill level 6 in Long Blades
  3678 | D:5      | Killed Prince Ribbit
  3678 | D:5      | Reached skill level 7 in Long Blades
  4229 | D:6      | Reached XP level 8. HP: 70/70 MP: 7/7
  4296 | D:6      | Reached * piety under Cheibriados
  4614 | D:6      | Reached skill level 8 in Long Blades
  4969 | D:6      | Noticed Grinder
  4974 | D:6      | Paralysed by Grinder for 2 turns
  4979 | D:6      | Paralysed by Grinder for 6 turns
  4993 | D:6      | Killed Grinder
  4993 | D:6      | Reached skill level 9 in Long Blades
  4993 | D:6      | Reached XP level 9. HP: 44/79 MP: 8/8
  5589 | D:6      | Reached ** piety under Cheibriados
  5743 | D:7      | Found a sacrificial altar of Ru.
  5775 | D:7      | Found a staircase to the Ecumenical Temple.
  5924 | D:7      | Reached skill level 10 in Long Blades
  6368 | D:7      | Noticed Duvessa
  6369 | D:7      | Noticed Dowan
  6376 | D:7      | Killed Duvessa
  6376 | D:7      | Reached *** piety under Cheibriados
  6382 | D:7      | Killed Dowan
  6562 | D:7      | Reached skill level 11 in Long Blades
  6837 | D:8      | Reached XP level 10. HP: 90/90 MP: 9/9
  6889 | D:8      | Found Polug's Magic Scroll Shoppe.
  7316 | D:8      | Found Huosar's General Store.
  7453 | D:8      | Reached **** piety under Cheibriados
  7609 | D:8      | Found Guihacvy's Antique Weapon Shoppe.
  8187 | D:9      | Reached ***** piety under Cheibriados
  8262 | D:9      | Reached skill level 12 in Long Blades
  8457 | D:9      | Noticed Gastronok
  8473 | D:9      | Killed Gastronok
  8532 | D:9      | Noticed Erica
  8536 | D:9      | Killed Erica
  8536 | D:9      | Reached skill level 10 in Armour
  8536 | D:9      | Reached XP level 11. HP: 75/99 MP: 10/10
  8750 | D:9      | Noticed a two-headed ogre
  8755 | D:9      | Killed a two-headed ogre
  8755 | D:9      | Reached skill level 10 in Fighting
  8755 | D:9      | Reached skill level 13 in Long Blades
  8834 | D:10     | Entered Level 10 of the Dungeon
  8996 | D:10     | Found a staircase to the Lair.
  9062 | D:10     | Reached skill level 1 in Dodging
  9729 | D:10     | Reached ****** piety under Cheibriados
  9989 | D:11     | Noticed Fannar
  9999 | D:11     | Killed Fannar
 10465 | D:11     | Found a staircase to the Orcish Mines.
 10890 | Lair:1   | Entered Level 1 of the Lair of Beasts
 10893 | Lair:1   | Reached skill level 5 in Dodging
 10898 | Lair:1   | Reached XP level 12. HP: 97/110 MP: 11/11
 11113 | Lair:1   | Reached skill level 14 in Long Blades
 12135 | Lair:2   | Noticed an eight-headed hydra
 12140 | Lair:2   | Killed a five-headed hydra
 12363 | Lair:2   | Found a staircase to the Swamp.
 12653 | Lair:3   | Noticed a six-headed hydra
 12659 | Lair:3   | Killed a three-headed hydra
 13076 | Lair:3   | Noticed a four-headed hydra
 13082 | Lair:3   | Killed a one-headed hydra
 13968 | Lair:4   | Reached skill level 15 in Long Blades
 14105 | Lair:4   | Reached XP level 13. HP: 119/119 MP: 12/12
 14405 | Lair:4   | Found a hole to the Spider Nest.
 15080 | Lair:5   | Found a frozen archway.
 15128 | IceCv    | Entered an ice cave
 16051 | Lair:5   | Found a staircase to the Slime Pits.
 16283 | Lair:5   | Reached skill level 16 in Long Blades
 16583 | Lair:6   | Entered Level 6 of the Lair of Beasts
 16594 | Lair:6   | Reached XP level 14. HP: 130/130 MP: 13/13
 16613 | Lair:6   | Reached skill level 10 in Dodging
 16873 | Lair:6   | Found an iron altar of Okawaru.
 17961 | Orc:1    | Entered Level 1 of the Orcish Mines
 18118 | Orc:1    | Noticed Urug
 18126 | Orc:1    | Killed Urug
 18276 | Orc:1    | Found Sulot's Gadget Boutique.
 18388 | Orc:1    | Found a roughly hewn altar of Beogh.
 18597 | Orc:2    | Entered Level 2 of the Orcish Mines
 18698 | Orc:2    | Found a dark tunnel.
 18703 | Volcano  | Entered a volcano
 19267 | Orc:2    | Found a staircase to the Elven Halls.
 19278 | Orc:2    | Found Zaloitih's Weapon Shop.
 19289 | Orc:2    | Reached skill level 15 in Armour
 19311 | Orc:2    | Reached skill level 15 in Fighting
 19330 | Orc:2    | Reached skill level 17 in Long Blades
 19559 | Orc:2    | Found Buwnits's Antique Weapon Shop.
 19560 | Orc:2    | Found Sirolitwu's Food Emporium.
 19570 | Orc:2    | Found Voepeh's Antique Weapon Boutique.
 20420 | D:12     | Reached XP level 15. HP: 132/141 MP: 14/14
 20839 | D:13     | Learned a level 2 spell: Repel Missiles
 21081 | D:13     | Found a gate to the Vaults.
 21237 | D:13     | Found a portal to a secret trove of treasure.
 21307 | D:13     | Found Tytavu's General Store.
 22055 | D:14     | Noticed Snorg
 22063 | D:14     | Killed Snorg
 22532 | D:14     | Noticed Azrael
 22542 | D:14     | Killed Azrael
 22948 | D:15     | Entered Level 15 of the Dungeon
 23583 | Swamp:1  | Entered Level 1 of the Swamp
 23713 | Swamp:1  | Noticed Roxanne
 23729 | Swamp:1  | Killed Roxanne
 24423 | Swamp:1  | Identified the Handbook of Enchanting Enhancements
 24900 | Swamp:2  | Noticed a thorn hunter
 24905 | Swamp:2  | Killed a thorn hunter
 24972 | Swamp:2  | Got a smoking ring mail
 24974 | Swamp:2  | Identified the +1 ring mail of the Sailor {rC- Dex+5} (You found it on level 2 of the Swamp)
 25228 | Swamp:2  | Reached skill level 18 in Long Blades
 25427 | Swamp:2  | Reached XP level 16. HP: 126/152 MP: 15/15
 26558 | Swamp:3  | Got a heavily runed scale mail
 26569 | Swamp:3  | Identified the +3 scale mail of the Ban {rF++ rC- Regen+} (You found it on level 3 of the Swamp)
 27855 | Swamp:4  | Entered Level 4 of the Swamp
 27973 | Swamp:4  | HP: 3/155 [four-headed hydra (5)]
 27973 | Swamp:4  | Slain by a four-headed hydra

Vault maps used:
D:1:      minmay_arrival_open_corners
D:2:      chequers_ecumenical_altar_simple_redux, nrook_mini_backslash
D:3:      nicolae_overflow_crystal_walls, corexii_hall_statues_deadend,
          minmay_misc_feat_nine_boxes, st_stairs_6
D:4:      nicolae_tso_swordbearing_angel, minmay_overflow_temple_star_quad,
          kennysheep_nub, st_stairs_9, uniq_eustachio
D:5:      first_bread, nicolae_zen_rock_garden, uniq_prince_ribbit1
D:6:      uniq_grinder
D:7:      nicolae_ru_great_annihilating_truth, uniq_duvessa
D:8:      kennysheep_kobold_camp, serial_shops, nicolae_shop_behind_doors,
          shop_statue, nicolae_shop_competitors_out_of_business
D:9:      st_stairs_4, uniq_erica, uniq_gastronok
D:10:     lair_entry_dummy, special_room
D:11:     orc_0_dummy, uniq_fannar
D:12:     enter_bailey_3, the_bakery
D:13:     david_vaults_2, nicolae_trove_entry_crossroad, serial_shops, shop
D:14:     uniq_snorg, uniq_azrael
D:15:     grunt_enter_depths_hoard, hangedman_decor_opposing, serial_shops, shop
Lair:2:   swamp_mist, fungi_pond_lemuel
Lair:3:   st_stairs_11
Lair:4:   dummy_spider_entry, lab_entry_generic, st_stairs_10,
          serial_bayou_lagoon_a, beast_lair_carwin_7
Lair:5:   minmay_slime_entry_jelly_boxes,
          portal_ice_cave_entry_animals_and_master
Lair:6:   grunt_lair_end_beastmaster, basic_altar
Swamp:1:  nicolae_swamp_round_clearing, infiniplex_staircase_pool, uniq_roxanne
Swamp:2:  nicolae_swamp_trees_clearing
Swamp:3:  cheibrodos_swamp_mausoleum, nicolae_swamp_feature_on_the_river_bank
Swamp:4:  swamp_alternative
Orc:1:    nicolae_orc_accident_2, serial_shops, nicolae_shop_behind_doors,
          uniq_urug
Orc:2:    st_orc_open, enter_volcano_4
IceCv:    ice_cave_small_dragons
Volcano:  volcano_lake

Skill      XL: |  1  2  3  4  5  6  7  8  9 10 11 12 13 14 15 16 |
---------------+-------------------------------------------------+-----
Long Blades    | 3 4 5 7 9 11 12 13 15 16 17 18 | 18.7
Fighting       | 4 5 6 7 8 9 11 12 13 15 16 17 | 17.1
Shields        | 4 5 6 7 8 9 |  9.7
Armour         | 4 5 6 7 8 10 11 12 14 15 16 17 | 17.0
Dodging        | 5 7 9 11 12 13 | 13.8

Action                   |  1- 3 |  4- 6 |  7- 9 | 10-12 | 13-15 | 16-18 || total
-------------------------+-------+-------+-------+-------+-------+-------++-------
Melee: Long sword        |    87 |   122 |   225 |       |       |       ||   434
       Headbutt          |    15 |    26 |    78 |   148 |   294 |   105 ||   666
       Great sword       |       |       |    84 |   384 |   320 |       ||   788
       Scimitar          |       |       |       |    11 |    53 |    50 ||   114
       Double sword      |       |       |       |       |   458 |   239 ||   697
 Cast: Repel Missiles    |       |       |       |       |     3 |       ||     3
  Use: Scroll            |       |       |     1 |     1 |    28 |       ||    30
       Potion            |       |       |       |       |       |     3 ||     3
 Stab: Paralysed         |       |       |     1 |       |       |       ||     1
       Petrified         |       |       |       |       |     1 |       ||     1
  Eat: Chunk             |       |     6 |     9 |    10 |    19 |    11 ||    55
       Bread ration      |       |       |       |     1 |       |       ||     1
       Beef jerky        |       |       |       |       |     1 |       ||     1
       Pizza             |       |       |       |       |     1 |       ||     1
Armor: Scale mail        |    49 |    43 |    68 |       |       |    34 ||   194
       Plate armour      |       |       |    81 |   289 |    35 |       ||   405
       Ice dragon scales |       |       |       |       |   190 |    38 ||   228
Dodge: Dodged            |    24 |    44 |    82 |   279 |   620 |   250 ||  1299
       Deflected         |       |       |       |       |     6 |       ||     6
Block: Shield            |    74 |    82 |   100 |       |   448 |   215 ||   919
       Rpst.: Long sword |     5 |    10 |    19 |       |       |       ||    34
       Great sword       |       |       |     8 |    65 |    68 |       ||   141
       Scimitar          |       |       |       |     2 |     8 |     8 ||    18
       Double sword      |       |       |       |       |    47 |    19 ||    66
